 Dungeon Crawl Stone Soup version 0.28.0-53-g5a82cb258f (webtiles) character file.

Game seed: 14111546377719370603

41 Tirrikindir the Skirmisher (level 3, 0/26 HPs)
             Began as an Octopode Fighter on Aug 16, 2022.
             Was a Follower of Makhleb.
             Slain by a sky beast (5 damage)
             ... on level 3 of the Dungeon.
             The game lasted 00:03:14 (1243 turns).

Tirrikindir the Skirmisher (Octopode Fighter)       Turns: 1243, Time: 00:03:15

Health: 0/26       AC:  1    Str: 15    XL:     3   Next: 52%
Magic:  3/3        EV: 13    Int: 10    God:    Makhleb [*.....]
Gold:   61         SH:  0    Dex: 13    Spells: 2/2 levels left

rFire   . . .      SeeInvis .   a - +1 long sword
rCold   . . .      Faith    .   b - +0 buckler
rNeg    . . .      Spirit   .   (helmet restricted)
rPois   .          Reflect  .   i - amulet of the acrobat
rElec   .          Harm     .   (no ring)
rCorr   .          Rampage  .   (no ring)
Will    .....                   (no ring)
Stlth   ++........              (no ring)
HPRegen 0.08/turn               (no ring)
MPRegen 0.08/turn               (no ring)
                                (no ring)
                                (no ring)

@: confused, ambrosia-drunk
A: almost no armour, amphibious, 8 rings, camouflage 1, gelatinous body 1,
(nimble swimmer 1), tentacles
a: Renounce Religion


You were on level 3 of the Dungeon.
You worshipped Makhleb.
Makhleb was aware of your devotion.
You visited 1 branch of the dungeon, and saw 3 of its levels.

You collected 61 gold pieces.

Inventory:

Hand Weapons
 a - a +1 long sword (weapon)
 f - a +2 short sword of venom
Armour
 b - a +0 buckler (worn)
Jewellery
 i - an amulet of the acrobat (around mantle)
Potions
 d - a potion of flight
 e - a potion of ambrosia
 h - a potion of brilliance {unknown}


   Skills:
 + Level 3.2 Fighting
 * Level 2.7 Long Blades
 + Level 3.2 Dodging
 + Level 1.6 Stealth
 + Level 3.2 Shields
 * Level 0.0 Invocations


You had 2 spell levels left.
You didn't know any spells.
Your spell library contained the following spells:

 Spells                   Type           Power      Damage    Failure   Level
 Ensorcelled Hibernation  Hex/Ice        0%         N/A       58%         2
 Passwall                 Tmut/Erth      0%         N/A       58%         2
 Gell's Gravitas          Tloc           0%         N/A       83%         3
 Lesser Beckoning         Tloc           0%         N/A       83%         3
 Swiftness                Air            0%         N/A       83%         3
 Teleport Other           Tloc           0%         N/A       83%         3


Dungeon Overview and Level Annotations

Branches:
Dungeon (3/15)

Altars:
Makhleb


Innate Abilities, Weirdness & Mutations

You cannot wear most types of armour.
You are amphibious.
You can wear up to eight rings at the same time.
Your skin changes colour to match your surroundings (Stealth+).
Your rubbery body absorbs attacks. (AC +1, EV +1)
((You are camouflaged when in or above water. (Stealth+)))
You have tentacles for arms and can constrict up to eight enemies at once.


Message History

You start resting.
You feel a little less mighty now.
You start resting.
HP restored.
A sky beast comes into view.
Found 13 gold pieces.
The sky beast flickers out of sight!
Deactivating autopickup; reactivate with Ctrl-A.
You block something's attack.
You hit something. Something hits you. Something shocks you.
You closely miss something. Something barely misses you.
You aren't carrying any items that you can evoke.
Okay, then.
You miss something.
A sky beast appears from thin air!
Reactivating autopickup.
The sky beast barely misses you. The sky beast completely misses you.
You hit the sky beast.
The sky beast is lightly wounded.
The sky beast closely misses you.
You slash the sky beast!
The sky beast is moderately wounded.
You block the sky beast's attack.
You hit the sky beast. Your squeeze misses the sky beast.
The sky beast is heavily wounded.
The sky beast hits you. The sky beast shocks you.
The sky beast barely misses you.
You feel much better. The sky beast barely misses you.
You closely miss the sky beast.
The sky beast is moderately wounded.
The sky beast flickers out of sight!
Deactivating autopickup; reactivate with Ctrl-A.
Something hits you. Something shocks you.
You miss something. Something hits you. Something shocks you.
You miss something. You squeeze something. Something hits you.
* * * LOW HITPOINT WARNING * * *
Something shocks you.
* * * LOW HITPOINT WARNING * * *
It was a potion of ambrosia.
You are confused.
You feel invigorated. Something hits you.
You die...

####### ###########
#.....#
.......<..####.###.#
....#####......# #.#
# ######.###.#
#.....# ###@### #{#
#.# #$# #.# #.# #.#
#.#


There were no monsters in sight!

Vanquished Creatures
  An adder (D:2)
  A dart slug (D:2)
  A ball python (D:2)
  4 endoplasms
  3 giant cockroaches (D:1)
  4 goblins
  A hobgoblin (D:1)
  A quokka (D:1)
  3 bats
  2 frilled lizards (D:1)
  4 kobolds (D:2)
  3 rats
28 creatures vanquished.

Vanquished Creatures (others)
  3 fungi (D:2)
  20 plants
23 creatures vanquished.

Grand Total: 51 creatures vanquished

Notes
Turn   | Place    | Note
-------+----------+-------------------------------------------
     0 | D:1      | Tirrikindir the Octopode Fighter began the quest for the
                  | Orb.
     0 | D:1      | Reached XP level 1. HP: 16/16 MP: 1/1
   227 | D:1      | Reached XP level 2. HP: 20/21 MP: 2/2
   276 | D:1      | Reached skill level 1 in Stealth
   623 | D:2      | Reached XP level 3. HP: 25/26 MP: 3/3
   824 | D:2      | Found a faded altar of an unknown god.
   828 | D:2      | Prayed at the altar of an unknown god.
   828 | D:2      | Became a worshipper of Makhleb the Destroyer
   828 | D:2      | Reached * piety under Makhleb
   917 | D:2      | HP: 1/26 [gnoll/+0 flail (5)]
  1231 | D:3      | Noticed a sky beast
  1242 | D:3      | HP: 1/26 [something (6)]
  1243 | D:3      | Slain by a sky beast

Illustrated notes

Levels and vault maps discovered:
D:1:      psy_arrival_conway, layout_basic
D:2:      layout_basic, shapermc_ecumenical_altar_mp_urbaneastern
D:3:      layout_loops_ring

Skill      XL: |  1  2 |
---------------+-------+-----
Stealth        | 1 |  1.6
Fighting       | |  3.2
Long Blades    | |  2.7
Dodging        | |  3.2
Shields        | |  3.2

Action                   || total
-------------------------++-------
Melee: Long sword        ||    75
       Constrict         ||    20
       Tentacles         ||     9
       Punch             ||     1
  Use: Scroll            ||     3
       Potion            ||     3
 Stab: Sleeping          ||     3
Armor: Skin              ||     3
Dodge: Dodged            ||    42
Block: Buckler           ||    14
